 Dungeon Crawl Stone Soup version 0.25-a0-190-g27fffb8c76 (webtiles) character file.

Game seed: 2181040923581259008, levelgen mode: deterministic

98 Goreval the Insei (level 4, -4/28 HPs)
             Began as an Octopode Transmuter on Nov 30, 2019.
             Slain by Crazy Yiuf
             ... wielding a +4 quarterstaff of chaos
              (8 damage)
             ... on level 2 of the Dungeon.
             The game lasted 00:07:36 (2105 turns).

Goreval the Insei (Octopode Transmuter)             Turns: 2105, Time: 00:07:37

Health: -4/28      AC:  2    Str:  9    XL:     4   Next: 69%
Magic:  4/7        EV: 20    Int: 16    God:
Gold:   114        SH:  0    Dex: 17    Spells: 1/7 levels left

rFire    . . .     SeeInvis .     - Unarmed
rCold    . . .     Gourm    .   (shield currently unavailable)
rNeg     . . .     Faith    .   (helmet currently unavailable)
rPois    x         Spirit   .   (no amulet)
rElec    .         Reflect  .   (no ring)
rCorr    .         Harm     .   (no ring)
MR       .....                  (no ring)
Stlth    ++........             (no ring)
HPRegen  0.09/turn              (no ring)
MPRegen  0.10/turn              (no ring)
                                (no ring)
                                (no ring)

@: lethally poisoned (-4 -> -23), spider-form (expiring)
A: tiny, almost no armour, stealthy swim, (amphibious), 8 rings, (constrict 8)
a: End Transformation


You were on level 2 of the Dungeon.
You were not hungry.
You were a venomous arachnid creature.
You visited 1 branch of the dungeon, and saw 3 of its levels.

You collected 114 gold pieces.

Inventory:

Missiles
 a - 24 arrows
 f - 52 stones (quivered)
Jewellery
 i - an uncursed ring of fire {unknown}
Scrolls
 d - 4 scrolls of identify {unknown}
 g - 2 scrolls of fog {unknown}
 n - a scroll of enchant weapon {unknown}
 o - a scroll of teleportation {unknown}
 p - a scroll of remove curse {unknown}
Potions
 e - 2 potions of curing {unknown}
 h - a potion of ambrosia {unknown}
 j - a potion of mutation {unknown}
 k - a potion of brilliance {unknown}
 l - 2 potions of haste {unknown}
 m - 2 potions of heal wounds {unknown}
 q - a potion of magic {unknown}
Comestibles
 c - 2 rations


   Skills:
 + Level 1.6 Fighting
 + Level 2.5 Dodging
 * Level 3.7 Unarmed Combat
 + Level 2.2 Spellcasting
 * Level 3.0 Transmutations
 * Level 1.3 Poison Magic


You had one spell level left.
You knew the following spells:

 Your Spells              Type           Power        Failure   Level  Hunger
a - Beastly Appendage     Tmut           ##....       17%         1    #......
b - Sticks to Snakes      Tmut           ##......     22%         2    ###....
c - Spider Form           Tmut/Pois      #.........   45%         3    ###....

Your spell library contained the following spells:

 Spells                   Type           Power        Failure   Level  Hunger
 Magic Dart               Conj           #...         41%         1    #......
 Blink                    Tloc           N/A          52%         2    ###....
 Call Imp                 Summ           #.......     52%         2    ###....
 Slow                     Hex            #.......     52%         2    ###....
 Mephitic Cloud           Conj/Pois/Air  #.......     67%         3    ###....
 Conjure Flame            Conj/Fire      #.......     73%         3    ###....
 Ice Form                 Ice/Tmut       #.......     87%         4    #####..
 Blade Hands              Tmut           ##........   95%         5    ######.


Dungeon Overview and Level Annotations

Branches:
Dungeon (3/15)

Altars:

Annotations:
D:2 Crazy Yiuf


Innate Abilities, Weirdness & Mutations

You cannot wear most types of armour.
You are very stealthy in the water. (Stealth+)
((You are amphibious.))
You can wear up to eight rings at the same time.
((You can use your tentacles to constrict eight enemies at once.))
((Your skin changes colour to match your surroundings (Stealth+).))
((Your rubbery body absorbs attacks. (AC +1, EV +1)))


Message History

Crazy Yiuf freezes you.
Unknown command.
You hit Crazy Yiuf.
Your transformation is almost over.
Crazy Yiuf hits you with a +4 quarterstaff of chaos.
You are lethally poisoned!
* * * LOW HITPOINT WARNING * * *
You feel sick.
You see here a mace.
* * * LOW HITPOINT WARNING * * *
You feel sick.
You see here a mace.
Here: Crazy Yiuf, wielding a +4 quarterstaff of chaos and wearing a +0 cloak (moderately wounded, very poisoned)
A mace.
The floor.
You barely miss Crazy Yiuf.
* * * LOW HITPOINT WARNING * * *
You feel sick.
Crazy Yiuf hits you with a +4 quarterstaff of chaos!
You die...

### ###### #)))###
##....##
#.))')####......#
#)))##gs#)......# #####
### ###)#).....# ##...#
#######.## ##....# #.#
#.....########## ##.#
#..............######..#
#...................).##
##.........)..<.########
................#


You could see Crazy Yiuf.

Vanquished Creatures
  Jessica (D:2)
  An adder (D:2)
  3 worms (D:2)
  A dart slug (D:1)
  A leopard gecko (D:1)
  A ball python (D:2)
  7 bats
  2 giant cockroaches (D:2)
  4 hobgoblins
  7 jackals
  3 kobolds
  A quokka (D:3)
  5 frilled lizards
  8 goblins
  7 rats
52 creatures vanquished.

Notes
Turn   | Place    | Note
-------+----------+-------------------------------------------
     0 | D:1      | Goreval the Octopode Transmuter began the quest for the
                  | Orb.
     0 | D:1      | Reached XP level 1. HP: 13/13 MP: 3/3
    73 | D:1      | Reached XP level 2. HP: 16/18 MP: 5/5
   383 | D:1      | Learned a level 2 spell: Sticks to Snakes
   629 | D:2      | Reached XP level 3. HP: 23/23 MP: 4/6
   648 | D:1      | Learned a level 3 spell: Spider Form
  1103 | D:2      | Reached XP level 4. HP: 8/28 MP: 5/7
  1103 | D:2      | Noticed Jessica
  1448 | D:2      | Reached skill level 1 in Poison Magic
  1722 | D:2      | Killed Jessica
  2094 | D:2      | Found a runed translucent door.
  2095 | D:2      | Noticed Crazy Yiuf
  2105 | D:2      | Slain by Crazy Yiuf

Levels and vault maps discovered:
D:1:      matt_arrival_spirals, layout_basic
D:2:      layout_rooms, uniq_jessica, uniq_crazy_yiuf_cottage
D:3:      layout_basic, minmay_misc_feat_encased, tgw_fedhas

Skill      XL: |  1  2  3  4 |
---------------+-------------+-----
Poison Magic   | 1 |  1.3
Transmutations | 3 |  3.0
Fighting       | |  1.6
Dodging        | |  2.5
Unarmed Combat | |  3.7
Spellcasting   | |  2.2

Action                   |  1- 3 |  4- 6 || total
-------------------------+-------+-------++-------
Melee: Unarmed           |    94 |    44 ||   138
       Constrict         |    31 |     9 ||    40
       Tentacles         |    13 |     8 ||    21
       Kick              |     5 |     6 ||    11
       Punch             |     1 |       ||     1
Throw: Stone             |     3 |     2 ||     5
 Cast: Beastly Appendage |     5 |     3 ||     8
       Spider Form       |       |     1 ||     1
       Sticks to Snakes  |       |     1 ||     1
 Stab: Sleeping          |     3 |       ||     3
  Eat: Chunk             |     1 |     3 ||     4
Armor: Skin              |     6 |     4 ||    10
Dodge: Dodged            |    53 |    26 ||    79

Table legend:
 A = Non-vault XP
 B = Vault XP
 C = Vault XP percentage of total XP
 D = Non-vault monster count
 E = Vault monster count
 F = Vault count percentage of total count
                 A         B        C        D         E       F
            +---------+---------+-------+---------+---------+-------
      Total |     109 |      31 |  22.1 |      51 |       1 |   1.9
            +---------+---------+-------+---------+---------+-------
        D:1 |      44 |       0 |   0.0 |      25 |       0 |   0.0
        D:2 |      61 |      31 |  33.7 |      24 |       1 |   4.0
        D:3 |       4 |       0 |   0.0 |       2 |       0 |   0.0
            +---------+---------+-------+---------+---------+-------
